 Dungeon Crawl Stone Soup version 0.23-a0-307-gc3b755d021 (webtiles) character file.

128 PikkenKukken the Cutter (level 5, 0/27 HPs)
             Began as a Vine Stalker Fighter on Oct 10, 2018.
             Succumbed to a kobold's poison
             ... on level 3 of the Dungeon.
             The game lasted 00:03:43 (1939 turns).

PikkenKukken the Cutter (Vine Stalker Fighter)      Turns: 1939, Time: 00:03:43

Health: 0/27       AC:  9    Str: 19    XL:     5   Next: 12%
Magic:  2/6        EV:  4    Int:  8    God:
Gold:   85         SH: 10    Dex: 14    Spells: 4/4 levels left

rFire    . . .     SeeInvis .   a - +0 rapier
rCold    . . .     Gourm    .   c - +1 shield
rNeg     . . .     Faith    .   g - +0 chain mail
rPois    .         Spirit   +   (no helmet)
rElec    .         Reflect  .   (no cloak)
rCorr    .         Harm     .   (no gloves)
MR       .....                  h - +0 pair of boots
Stlth    ..........             (no amulet)
HPRegen  0.49/turn              (no ring)
MPRegen  0.10/turn              (no ring)

@: lethally poisoned (0 -> -23)
A: fangs 2, regeneration 1, magic shield, antimagic bite, no potion heal 3, rot
immunity
a: no special abilities


You were on level 3 of the Dungeon.
You were hungry.

You visited 1 branch of the dungeon, and saw 3 of its levels.

You collected 85 gold pieces.

Inventory:

Hand Weapons
 a - a +0 rapier (weapon)
Armour
 b - a +0 scale mail
 c - a +1 shield (worn)
 g - a +0 chain mail (worn)
 h - a +0 pair of boots (worn)
Jewellery
 k - an uncursed ring of wizardry {unknown}
Scrolls
 i - 3 scrolls of teleportation
Potions
 d - 2 potions of might
 m - a potion of brilliance {unknown}
Comestibles
 f - 4 rations
 j - 8 chunks of flesh


   Skills:
 - Level 2.6 Fighting
 + Level 4.7 Short Blades
 - Level 2.4 Armour
 - Level 2.6 Shields


You had 4 spell levels left.
You didn't know any spells.
Your spell library was empty.

Dungeon Overview and Level Annotations

Branches:
Dungeon (3/15)

Altars:

Annotations:
D:3 1 runed door


Innate Abilities, Weirdness & Mutations

You have extremely sharp teeth.
Your natural rate of healing is unusually fast.
When hurt, damage is shared between your health and your magic reserves.
Your bite disrupts and absorbs the magic of your enemies.
Potions cannot restore your health.
You are immune to rotting.


Message History

You feel very sick.
The kobold shoots a poisoned needle.
The poisoned needle hits you!
You are more poisoned.
You block the goblin's attack.
You feel very sick.
The goblin unwields an uncursed dagger.
The goblin wields an uncursed hunting sling of flaming.
It bursts into flame!
The goblin shoots a stone.
The stone barely misses you.
You see here a stone.
* * * LOW HITPOINT WARNING * * *
You feel very sick.
The goblin shoots a stone.
The stone hits you.
* * * LOW HITPOINT WARNING * * *
The stone burns you.
You see here a stone.
* * * LOW HITPOINT WARNING * * *
You feel sick.
The goblin shoots a stone.
The stone hits you but does no damage.
You see here a stone.
You die...

#........(...##..#.#
#........(...##.....
#............##..... .
#........(...........
..
#.....##'###(..###.....
.....###'###...# #....
.......K...(..# .#
>........(######..#.##
.......(((((@.......
.......g######......
K........# .....
........# #...
........# .. ........#
. ........# ........#


You could see a goblin.

Vanquished Creatures
  5 adders
  An ooze (D:2)
  2 worms
  2 dart slugs (D:1)
  6 leopard geckos
  4 orcs (D:3)
  7 bats
  A giant cockroach (D:1)
  6 goblins
  9 hobgoblins
  2 frilled lizards (D:2)
  11 kobolds
  4 rats
60 creatures vanquished.

Notes
Turn   | Place    | Note
-------+----------+-------------------------------------------
     0 | D:1      | PikkenKukken the Vine Stalker Fighter began the quest for
                  | the Orb.
     0 | D:1      | Reached XP level 1. HP: 11/11 MP: 2/2
    50 | D:1      | Reached skill level 2 in Short Blades
    93 | D:1      | Reached XP level 2. HP: 16/16 MP: 3/3
   567 | D:1      | Reached skill level 3 in Short Blades
   645 | D:1      | Reached XP level 3. HP: 16/19 MP: 4/4
   943 | D:2      | Gained mutation: Your natural rate of healing is unusually
                  | fast. [Vine Stalker growth]
   943 | D:2      | Reached XP level 4. HP: 15/23 MP: 5/5
  1024 | D:2      | Reached skill level 4 in Short Blades
  1696 | D:3      | Found a runed door.
  1791 | D:3      | Reached XP level 5. HP: 27/27 MP: 6/6
  1939 | D:3      | Succumbed to a kobold's poison

Vault maps used:
D:1:      sevenhm_arrival_forest_fort_small_4
D:2:      minmay_cupped
D:3:      minitemple, first_ration, uniq_crazy_yiuf_cottage

Skill      XL: |  1  2  3  4 |
---------------+-------------+-----
Short Blades   | 2 3 4 |  4.7
Fighting       | |  2.6
Armour         | |  2.4
Shields        | |  2.6

Action                   |  1- 3 |  4- 6 || total
-------------------------+-------+-------++-------
Melee: Rapier            |    84 |   104 ||   188
       Bite              |    19 |    26 ||    45
  Use: Scroll            |     7 |     4 ||    11
       Potion            |       |     1 ||     1
  Eat: Chunk             |       |     3 ||     3
Armor: Scale mail        |    22 |       ||    22
       Chain mail        |    24 |    47 ||    71
Dodge: Dodged            |    16 |    18 ||    34
Block: Shield            |    44 |    41 ||    85

Table legend:
 A = Non-vault XP
 B = Vault XP
 C = Vault XP percentage of total XP
 D = Non-vault monster count
 E = Vault monster count
 F = Vault count percentage of total count
                 A         B        C        D         E       F
            +---------+---------+-------+---------+---------+-------
      Total |     182 |       2 |   1.1 |      59 |       1 |   1.7
            +---------+---------+-------+---------+---------+-------
        D:1 |      38 |       0 |   0.0 |      20 |       0 |   0.0
        D:2 |     103 |       2 |   1.9 |      26 |       1 |   3.7
        D:3 |      41 |       0 |   0.0 |      13 |       0 |   0.0
            +---------+---------+-------+---------+---------+-------
